 Dungeon Crawl Stone Soup version 0.30-a0-728-gc68057be0a (webtiles) character file.

Game seed: 3504132656710279636

63 demibob the Chopper (level 4, 0/39 HPs)
             Began as a Hill Orc Fighter on Jan 31, 2023.
             Was a Follower of Qazlal.
             Slain by a gnoll
             ... wielding a +0 halberd
              (1 damage)
             ... on level 2 of the Dungeon.
             The game lasted 00:01:50 (1217 turns).

demibob the Chopper (Hill Orc Fighter)              Turns: 1217, Time: 00:01:51

Health: 0/39       AC:  6    Str: 20    XL:     4   Next: 10%
Magic:  5/5        EV:  9    Int:  8    God:    Qazlal [*.....]
Gold:   95         SH:  2    Dex: 10    Spells: 3/3 levels left

rFire   . . .      SeeInvis .    a - +1 war axe
rCold   . . .      Faith    .    (no shield)
rNeg    . . .      Spirit   .    b - +0 scale mail
rPois   .          Reflect  .    (no helmet)
rElec   .          Harm     .    (no cloak)
rCorr   .          Rampage  .    (no gloves)
Will    .....                    (no boots) Stlth
                                 (no amulet)
HPRegen 0.26/turn                (no ring)
MPRegen 0.09/turn                (no ring)

@: mighty
A: no striking features
a: Renounce Religion


You were on level 2 of the Dungeon.
You worshipped Qazlal.
Qazlal was aware of your devotion.
You visited 1 branch of the dungeon, and saw 2 of its levels.

You collected 95 gold pieces.


   Skills:
 - Level 3.6 Fighting
 + Level 5.2 Axes
 - Level 3.2 Armour
 - Level 3.2 Shields
 + Level 2.0 Invocations


You had 3 spell levels left.
You didn't know any spells.
Your spell library contained the following spells:

 Spells                   Type           Power      Damage    Failure   Level
 Ensorcelled Hibernation  Hex/Ice        0%         N/A       88%         2
 Lesser Beckoning         Tloc           0%         N/A       88%         2
 Gell's Gravitas          Tloc           0%         N/A       98%         3
 Spider Form              Tmut/Pois      0%         N/A       98%         3
 Teleport Other           Tloc           0%         N/A       98%         3
 Anguish                  Hex/Necr       0%         N/A       100%        4

Inventory:

Hand Weapons
 a - a +1 war axe (weapon)
Armour
 b - a +0 scale mail (worn)
 c - a +0 pair of boots
 h - a +0 pair of gloves
Magical Staves
 e - a staff of conjuration {!a}
Potions
 g - 2 potions of curing {unknown}

Dungeon Overview and Level Annotations

Branches:
Dungeon (2/15)

Altars:
Qazlal

#.#... #.
#.#.#... #.#..#.
#.#... ##. #.#..
...# #.#.#.....
#h#h...... #.@g#
#.#..#
#######)#...#
#....##.#..#..
#.........#. .#
####.##†#....#..
#..#.....#...
##.##....$.. #.#
#.....#


You could see a gnoll and 2 jackals.


Message History

You have reached level 4!
You feel very mighty all of a sudden.
The jackal bites you but does no damage. x2
The gnoll hits you but does no damage.
You closely miss the jackal.
The jackal is heavily wounded.
You slash the jackal!
You kill the jackal!
Qazlal accepts your kill. The jackal barely misses you.
The gnoll hits you from afar with a +0 halberd!
* * * LOW HITPOINT WARNING * * *
The jackal bites you but does no damage.
Your Invocations skill increases to level 2!
You are too injured to fight recklessly!
You are too injured to fight recklessly!
You are too injured to fight recklessly!
You slash the jackal!
You kill the jackal!
Qazlal accepts your kill.
The gnoll hits you from afar with a +0 halberd!
* * * LOW HITPOINT WARNING * * *
You block the jackal's attack. The gnoll hits you with a +0 halberd!
* * * LOW HITPOINT WARNING * * *
The jackal bites you but does no damage. x2
You see here a jackal corpse.
You closely miss the gnoll. You hit the jackal. You barely miss the jackal.
The jackal bites you but does no damage.
The gnoll hits you with a +0 halberd.
You die...

Skill      XL: |  1  2  3  4 |
---------------+-------------+-----
Axes           | 3 4 5 |  5.2
Invocations    | 1 2 |  2.0
Fighting       | |  3.6
Armour         | |  3.2
Shields        | |  3.2

Action                     |  1- 3 |  4- 6 || total
---------------------------+-------+-------++-------
  Melee: War axe           |    84 |     3 ||    87
    Use: Scroll            |     5 |       ||     5
         Potion            |       |     1 ||     1
 Armour: Scale mail        |    39 |     7 ||    46
  Dodge: Dodged            |    49 |     1 ||    50
  Block: Other             |     3 |     1 ||     4

Levels and vault maps discovered:
D:1:      kilobyte_arrival_exit_the_forest, layout_basic,
          dreamdust_ecumenical_altar_grove, chequers_garden, minmay_nonomino_d4
D:2:      layout_rooms, minmay_splitting_lines, uniq_jessica

Notes
Turn   | Place    | Note
-------+----------+-------------------------------------------
     0 | D:1      | demibob the Hill Orc Fighter began the quest for the Orb.
     0 | D:1      | Reached XP level 1. HP: 19/19 MP: 1/1
   122 | D:1      | Reached skill level 3 in Axes
   155 | D:1      | Reached XP level 2. HP: 24/26 MP: 2/2
   231 | D:1      | Reached skill level 4 in Axes
   505 | D:1      | Found a faded altar of an unknown god.
   513 | D:1      | Reached XP level 3. HP: 27/31 MP: 3/3
   525 | D:1      | Prayed at the altar of an unknown god.
   525 | D:1      | Became a worshipper of Qazlal Stormbringer
   525 | D:1      | Reached * piety under Qazlal
  1170 | D:2      | Reached skill level 1 in Invocations
  1203 | D:2      | Reached skill level 5 in Axes
  1213 | D:2      | Reached XP level 4. HP: 27/39 MP: 5/5
  1215 | D:2      | Reached skill level 2 in Invocations
  1216 | D:2      | HP: 1/39 [gnoll/+0 halberd (10)]
  1217 | D:2      | Slain by a gnoll

Vanquished Creatures
  2 gnolls (D:2)
  2 dart slugs (D:1)
  A ball python (D:1)
  5 bats
  5 endoplasms
  3 giant cockroaches (D:1)
  4 goblins (D:1)
  2 hobgoblins
  2 jackals (D:2)
  A quokka (D:1)
  2 frilled lizards
  4 kobolds (D:1)
  2 rats (D:1)
35 creatures vanquished.

Table legend: (Time is in decaauts)
 A = Elapsed time spent in this place.
 B = Non-inter-level travel time spent in this place.
 C = Inter-level travel time spent in this place.
 D = Time resting spent in this place.
 E = Time spent auto-exploring this place.
 F = Levels seen in this place.
 G = Mean time per level.
                   A        B        C        D        E       F      G
               +--------+--------+--------+--------+--------+-----+--------+
         Total |   1254 |   1215 |     39 |      0 |    975 |   2 |  627.0 |
       Dungeon |   1254 |   1215 |     39 |      0 |    975 |   2 |  627.0 |
               +--------+--------+--------+--------+--------+-----+--------+

Top non-repeatable levels by time:
     D:1: 1124 daAuts
     D:2: 129 daAuts

Table legend:
 A = Non-vault XP
 B = Vault XP
 C = Vault XP percentage of total XP
 D = Non-vault monster count
 E = Vault monster count
 F = Vault count percentage of total count
                 A         B        C        D         E       F
            +---------+---------+-------+---------+---------+-------
      Total |      79 |      12 |  13.2 |      29 |       6 |  17.1
            +---------+---------+-------+---------+---------+-------
        D:1 |      34 |      12 |  26.1 |      17 |       6 |  26.1
        D:2 |      45 |       0 |   0.0 |      12 |       0 |   0.0
            +---------+---------+-------+---------+---------+-------
